 Dungeon Crawl Stone Soup version 0.28.0-53-g5a82cb258f (webtiles) character file.

Game seed: 279430927671170654

185 DocClef the Cutter (level 5, -9/27 HPs)
             Began as a Vine Stalker Fighter on July 6, 2022.
             Was an Initiate of Okawaru.
             Mangled by Menkaure (22 damage)
             ... on level 4 of the Dungeon.
             The game lasted 00:01:19 (1423 turns).

DocClef the Cutter (Vine Stalker Fighter)           Turns: 1423, Time: 00:01:19

Health: -9/27      AC:  4    Str: 21    XL:     5   Next: 64%
Magic:  0/6        EV: 10    Int:  8    God:    Okawaru [......]
Gold:   53         SH:  4    Dex: 13    Spells: 4/4 levels left

rFire   . . .      SeeInvis .   a - +0 rapier
rCold   + . .      Faith    .   c - +0 buckler
rNeg    . . .      Spirit   +   j - +1 leather armour {rC+}
rPois   .          Reflect  .   (no helmet)
rElec   .          Harm     .   (no cloak)
rCorr   .          Rampage  .   (no gloves)
Will    .....                   (no boots)
Stlth   +.........              (no amulet)
HPRegen 0.89/turn               (no ring)
MPRegen 0.10/turn               (no ring)

@: no status effects
A: fangs 2, regeneration 1, magic shield, antimagic bite, no potion heal 2
a: Renounce Religion


You were on level 4 of the Dungeon.
You worshipped Okawaru.
Okawaru was noncommittal.
You visited 1 branch of the dungeon, and saw 3 of its levels.

You collected 53 gold pieces.

Inventory:

Hand Weapons
 a - a +0 rapier (weapon)
Armour
 b - a +0 scale mail
 c - a +0 buckler (worn)
 j - a +1 leather armour of cold resistance (worn)
Wands
 d - a wand of digging (2)
Scrolls
 f - 4 scrolls of identify {unknown}
 g - a scroll of holy word {unknown}
 i - a scroll of blinking {unknown}
 k - a scroll of enchant weapon {unknown}
 l - a scroll of magic mapping {unknown}
Potions
 e - 2 potions of attraction {unknown}
 h - a potion of haste {unknown}


   Skills:
 - Level 2.6 Fighting
 + Level 5.2 Short Blades
 - Level 2.4 Armour
 - Level 2.6 Shields


You had 4 spell levels left.
You didn't know any spells.
Your spell library contained the following spells:

 Spells                   Type           Power      Damage    Failure   Level
 Foxfire                  Conj/Fire      0%         2x1d4     56%         1


Dungeon Overview and Level Annotations

Branches:
Dungeon (2/15)

Altars:
Kikubaaqudgha
Okawaru
Qazlal
Yredelemnul

Annotations:
D:4 Menkaure


Innate Abilities, Weirdness & Mutations

You have extremely sharp teeth.
Your natural rate of healing is unusually fast.
When hurt, damage is shared between your health and your magic reserves.
Your bite disrupts and absorbs the magic of your enemies.
Potions cannot restore your health.


Message History

There is an open door here.
You see here an adder corpse.
l - a scroll labelled YTIELI TAOLUYPS
Found a stone staircase leading up.
You now have 37 gold pieces (gained 4).
Found a leather armour.
You see here a +0 leather armour.
You now have 53 gold pieces (gained 16).
Found a stone staircase leading down.
Menkaure, Prince of Dust comes into view.
Menkaure shouts!
Menkaure casts a spell.
Menkaure seems to speed up.
Menkaure is nearby!
Menkaure is nearby!
Found 17 stones.
You see here a viscous coppery potion.
Found a bubbling orange potion.
Menkaure calls on the powers of darkness!
Your body is wracked with pain!
You hit Menkaure. Your bite misses Menkaure.
Menkaure is lightly damaged.
Menkaure closely misses you.
You puncture Menkaure! You bite Menkaure, but do no damage.
Menkaure is moderately damaged.
Menkaure closely misses you.
You puncture Menkaure!
Menkaure is severely damaged.
Menkaure hits you.
You closely miss Menkaure.
Menkaure is severely damaged.
Menkaure hits you!
You are too injured to fight recklessly!
You are too injured to fight recklessly!
You are too injured to fight recklessly!
You hit Menkaure. Your bite misses Menkaure.
Menkaure is severely damaged.
Menkaure hits you!!
Ouch! That really hurt!
You die...

..# #.. .. #.# #.# #.
#.# #.. #> #.# #.# #.
#.# #.# #.###.#######.#
#.............#
#..########...####...###
..(...M@.!............#
##..###/###...####...##
#.# ###.# ##.## #!# #.#
#.# #.# #.# #.# #.# #.#
#.# #.# .# #.#### #.#
#..... ######


You could see Menkaure (fast).

Vanquished Creatures
  Eustachio (D:4)
  2 adders
  A dart slug (D:2)
  2 endoplasms (D:1)
  A giant cockroach (D:1)
  2 goblins
  3 hobgoblins (D:1)
  2 jackals (D:4)
  2 quokkas
  6 ball pythons
  4 bats (D:1)
  2 frilled lizards (D:1)
  A kobold (D:1)
  4 rats
33 creatures vanquished.

Notes
Turn   | Place    | Note
-------+----------+-------------------------------------------
     0 | D:1      | DocClef the Vine Stalker Fighter began the quest for the
                  | Orb.
     0 | D:1      | Reached XP level 1. HP: 11/11 MP: 2/2
   106 | D:1      | Reached skill level 2 in Short Blades
   413 | D:1      | Reached XP level 2. HP: 15/16 MP: 3/3
   454 | D:1      | Found a faded altar of an unknown god.
   460 | D:1      | Got Plato's Grimoire of Flames
   834 | D:1      | Reached skill level 3 in Short Blades
   878 | D:2      | Reached XP level 3. HP: 15/19 MP: 4/4
  1168 | D:2      | You fall into a shaft and drop 2 floors!
  1219 | D:4      | Found a stormy altar of Qazlal.
  1222 | D:4      | Found an ancient bone altar of Kikubaaqudgha.
  1222 | D:4      | Noticed a black bear
  1228 | D:4      | Found a basalt altar of Yredelemnul.
  1239 | D:4      | Found an iron altar of Okawaru.
  1239 | D:4      | Noticed Eustachio
  1246 | D:4      | Killed Eustachio
  1247 | D:4      | Reached skill level 5 in Short Blades
  1247 | D:4      | Gained mutation: Your natural rate of healing is unusually
                  | fast. [Vine Stalker growth]
  1247 | D:4      | Reached XP level 4. HP: 5/23 MP: 1/5
  1247 | D:4      | Reached XP level 5. HP: 6/27 MP: 1/6
  1263 | D:4      | Became a worshipper of Warmaster Okawaru
  1415 | D:4      | Noticed Menkaure
  1423 | D:4      | Mangled by Menkaure

Illustrated notes

Levels and vault maps discovered:
D:1:      nicolae_arrival_memento_mori, layout_basic,
          shapermc_ecumenical_altar_rom_forum, minmay_pentomino_z2
D:2:      layout_loops_ring, basic_altar, chequers_serial_rivers_small_3,
          amcnicky_mini_rare_corridor_liquid, minmay_close_crescents
D:4:      layout_loops_ring, grunt_temple_overflow_cloverleaf,
          marbit_many_paths, uniq_natasha, uniq_menkaure, uniq_eustachio

Skill      XL: |  1  2  3 |
---------------+----------+-----
Short Blades   | 2 3 5 |  5.2
Fighting       | |  2.6
Armour         | |  2.4
Shields        | |  2.6

Action                   |  1- 3 |  4- 6 || total
-------------------------+-------+-------++-------
Melee: Rapier            |    79 |     5 ||    84
       Bite              |    20 |     1 ||    21
  Use: Potion            |     1 |       ||     1
Armor: Scale mail        |    38 |       ||    38
Dodge: Dodged            |    30 |     2 ||    32
Block: Buckler           |    23 |       ||    23
